 Dungeon Crawl Stone Soup version 0.28.0-47-ge53b351184 (webtiles) character file.

Game seed: 835512389111555445

10617 Peloso the Carver (level 11, -2/99 HPs)
             Began as a Minotaur Fighter on May 7, 2022.
             Was a High Priest of Okawaru.
             Slain by a wolf (7 damage)
             ... led by Grum
             ... on level 10 of the Dungeon.
             The game lasted 00:20:22 (11410 turns).

Peloso the Carver (Minotaur Fighter)               Turns: 11410, Time: 00:20:23

Health: -2/99      AC: 21    Str: 30    XL:     11   Next: 38%
Magic:  8/10       EV: 10    Int:  5    God:    Okawaru [*****.]
Gold:   637        SH: 12    Dex: 11    Spells: 10/10 levels left

rFire   . . .      SeeInvis .   a - +5 long sword
rCold   . . .      Faith    .   c - +0 buckler
rNeg    . . .      Spirit   .   p - +1 plate armour
rPois   +          Reflect  +   C - +1 hat
rElec   .          Harm     .   (no cloak)
rCorr   .          Rampage  .   h - +0 pair of gloves
Will    .....                   (no boots)
Stlth   ..........              K - amulet of reflection
HPRegen 0.26/turn               l - +6 ring of strength
MPRegen 0.12/turn               i - ring of poison resistance

@: heroic
A: horns 2, retaliatory headbutt
a: Renounce Religion, Heroism, Finesse, Duel


You were on level 10 of the Dungeon.
You worshipped Okawaru.
Okawaru was extremely pleased with you.
You visited 2 branches of the dungeon, and saw 12 of its levels.
You also visited: Sewer.

You collected 637 gold pieces.

Inventory:

Hand Weapons
 a - a +5 long sword (weapon)
 b - a +3 long sword
Missiles
 t - 2 throwing nets (quivered)
Armour
 c - a +0 buckler (worn)
 h - a +0 pair of gloves (worn)
 n - a +0 chain mail
 p - a +1 plate armour (worn)
 C - a +1 hat (worn)
Jewellery
 i - a ring of poison resistance (right hand)
 l - a +6 ring of strength (left hand)
 r - a ring of wizardry
 s - a +6 ring of intelligence
 B - a ring of positive energy
 D - a ring of protection from fire
 K - an amulet of reflection (around neck)
 M - a ring of see invisible
Wands
 g - a wand of polymorph (26)
 m - a wand of acid (5)
 H - a wand of flame (9)
 I - a wand of digging (5)
Scrolls
 e - a scroll of amnesia
 f - 4 scrolls of enchant armour
 j - 3 scrolls of teleportation
 k - 4 scrolls of summoning {unknown}
 x - 2 scrolls of noise {unknown}
 y - a scroll of acquirement {unknown}
 A - a scroll of fear {unknown}
 E - a scroll of torment {unknown}
 J - 4 scrolls of identify
 L - 2 scrolls of fog
 N - a scroll of silence {unknown}
Potions
 d - a potion of might
 o - a potion of brilliance
 q - 2 potions of magic
 u - a potion of attraction {unknown}
 v - a potion of curing
 w - a potion of resistance {unknown}
 z - a potion of lignification {unknown}
 F - 2 potions of berserk rage {unknown}
 G - a potion of mutation {unknown}
 O - a potion of flight


   Skills:
 + Level 9.9(14.9) Fighting
 + Level 13.5(18.5) Long Blades
 + Level 12.3(17.3) Armour
 + Level 2.1(7.1) Dodging
 + Level 2.0(7.0) Stealth
 + Level 7.6(12.6) Shields
 + Level 1.0 Invocations


You had 10 spell levels left.
You didn't know any spells.
Your spell library contained the following spells:

 Spells                   Type           Power      Damage    Failure   Level
 Apportation              Tloc           0%         N/A       96%         1
 Shock                    Conj/Air       0%         1d3       96%         1
 Blink                    Tloc           0%         N/A       99%         2
 Ensorcelled Hibernation  Hex/Ice        0%         N/A       99%         2
 Lesser Beckoning         Tloc           0%         N/A       100%        3
 Spider Form              Tmut/Pois      0%         N/A       100%        3
 Swiftness                Air            0%         N/A       100%        3
 Airstrike                Air            0%         N/A       100%        4
 Anguish                  Hex/Necr       0%         N/A       100%        4
 Manifold Assault         Tloc           0%         N/A       100%        5
 Storm Form               Tmut/Air       0%         N/A       100%        7
 Chain Lightning          Conj/Air       0%         N/A       100%        9
 Fire Storm               Conj/Fire      0%         5d1       100%        9
 Shatter                  Erth           0%         3d5*      100%        9
 Animate Skeleton         Necr           Unusable   N/A       N/A         1
 Summon Small Mammal      Summ           Unusable   N/A       N/A         1

Dungeon Overview and Level Annotations

Branches:
Dungeon (11/15)            Temple (1/1) D:5            Lair (0/6) D:10
    Orc (0/2) D:10          Sewer (visited)

Altars:
Ashenzari
Cheibriados
Elyvilon
Fedhas
Gozag
Hepliaklqana
Kikubaaqudgha
Makhleb
Nemelex Xobeh
Okawaru
Ru
Sif Muna
Uskayaw
Vehumet
Wu Jian
Xom
Yredelemnul
Zin
The Shining One

Shops:
D:5 *

Annotations:
D:5 2 transporters, Quickbrownfox's ghost, amateur DsIE
D:11 Grum


Innate Abilities, Weirdness & Mutations

You have a pair of horns on your head.
You reflexively headbutt those who attack you in melee.


Message History

You climb upwards.
Reactivating autopickup.
There is a stone staircase leading down here.
You gain the combat prowess of a mighty hero.
Something hits you but does no damage.
Deactivating autopickup; reactivate with Ctrl-A.
Something hits you but does no damage. You block something's attack.
You block the wolf's attack.
The howler monkey hits you but does no damage.
The wolf barely misses you.
You slash the howler monkey!
You kill the howler monkey!
Okawaru accepts your kill. Something hits you but does no damage.
The wolf bites you but does no damage. Something hits you but does no damage.
Unknown command.
You block something's attack. Something hits you but does no damage.
You block something's attack. The wolf bites you.
* * * LOW HITPOINT WARNING * * *
Okay, then.
Something hits you!
* * * LOW HITPOINT WARNING * * *
Something hits you.
* * * LOW HITPOINT WARNING * * *
Unknown command.
Okay, then.
Okay, then.
It was a potion of curing.
You feel better. Something hits you but does no damage.
The wolf bites you but does no damage.
Something hits you but does no damage. x2
The wolf bites you but does no damage. Something completely misses you.
You open the door. Something hits you but does no damage.
The wolf barely misses you. Something hits you but does no damage.
Something hits you.
* * * LOW HITPOINT WARNING * * *
You block the wolf's attack. Something hits you.
* * * LOW HITPOINT WARNING * * *
You block something's attack. The wolf bites you!
You die...

####### ######## ##
#.....######h.....#########.
#.....'....@......##......^.
######.....######..>.รท.'..######.
.....+.....# #......#### #.
######.....# #......# #. #.....#
#......# #. #.....# #......# ##
#)....# ####'### #..#### ###..#
###.###### #..)##


You could see a wolf.

Vanquished Creatures
  A two-headed ogre (D:10)
  A cyclops (D:9)
  A centaur zombie (D:10)
  2 kobold demonologists
  4 trolls
  A hornet (D:9)
  Grinder (Sewer)
  3 wyverns
  6 yaks
  3 steam dragons
  6 vampire mosquitoes
  7 water moccasins
  4 wargs (D:10)
  2 orc warriors (D:10)
  2 sky beasts
  2 black bears
  6 centaurs
  2 phantoms
  8 kobold brigands
  2 scorpions
  4 bullfrogs
  A water moccasin zombie (D:6)
  A wyvern skeleton (D:5)
  22 wights
  A howler monkey (D:10)
  3 orc priests
  2 hounds
  2 bullfrog skeletons
  Jessica (D:3)
  An iguana (D:3)
  Ijyb (D:4)
  7 orc wizards
  A killer bee zombie (D:7)
  A howler monkey zombie (D:9)
  6 adders
  4 gnolls
  A shadow imp (D:7)
  5 ufetubi (Sewer)
  6 worms
  A dart slug (D:3)
  17 orcs
  11 ball pythons
  8 endoplasms
  A giant cockroach (D:1)
  6 goblins
  4 hobgoblins
  2 quokkas
  11 bats
  A frilled lizard (D:1)
  2 giant cockroach zombies (Sewer)
  34 kobolds
  A kobold zombie (Sewer)
  9 rats
242 creatures vanquished.

Vanquished Creatures (others)
  A bullfrog skeleton (D:6)
  40 fungi (D:10)
  36 plants
77 creatures vanquished.

Grand Total: 319 creatures vanquished

Notes
Turn   | Place    | Note
-------+----------+-------------------------------------------
     0 | D:1      | Peloso the Minotaur Fighter began the quest for the Orb.
     0 | D:1      | Reached XP level 1. HP: 19/19 MP: 0/0
   230 | D:1      | Reached XP level 2. HP: 27/27 MP: 1/1
   369 | D:1      | Reached skill level 3 in Long Blades
   707 | D:1      | Found a faded altar of an unknown god.
   825 | D:1      | Reached XP level 3. HP: 33/33 MP: 2/2
  1964 | D:3      | Noticed Jessica
  1975 | D:3      | Killed Jessica
  1976 | D:3      | Reached XP level 4. HP: 40/40 MP: 3/3
  2027 | D:3      | Noticed a scorpion
  2034 | D:3      | Killed a scorpion
  2035 | D:3      | Reached skill level 4 in Long Blades
  2035 | D:3      | Reached XP level 5. HP: 47/47 MP: 4/4
  2451 | D:3      | Reached skill level 1 in Dodging
  2799 | D:3      | Reached skill level 5 in Armour
  2984 | D:4      | Found a glowing drain.
  3006 | Sewer    | Entered a sewer
  3085 | Sewer    | Reached skill level 5 in Long Blades
  3203 | Sewer    | Reached XP level 6. HP: 44/53 MP: 5/5
  3255 | Sewer    | Noticed Grinder
  3409 | Sewer    | Found an ancient bone altar of Kikubaaqudgha.
  3415 | Sewer    | Killed Grinder
  3416 | Sewer    | Reached skill level 5 in Fighting
  3416 | Sewer    | Reached skill level 6 in Long Blades
  3416 | Sewer    | Reached XP level 7. HP: 48/61 MP: 6/6
  3422 | Sewer    | Reached skill level 5 in Shields
  3861 | D:4      | Noticed Ijyb
  3873 | D:4      | Killed Ijyb
  4081 | D:4      | Found a burning altar of Makhleb.
  4081 | D:4      | Found a glowing golden altar of the Shining One.
  4095 | D:4      | Identified the +5 battleaxe of Sloth {holy, rF+}
  4358 | D:5      | Entered Level 5 of the Dungeon
  4368 | D:5      | You fall into a shaft and drop 2 floors!
  4368 | D:7      | Found a blossoming altar of Fedhas.
  4368 | D:7      | Found a radiant altar of Vehumet.
  4377 | D:7      | Reached skill level 7 in Long Blades
  4384 | D:7      | Reached skill level 1 in Stealth
  4391 | D:7      | Found a broken altar of Ashenzari.
  4391 | D:7      | Found a glowing silver altar of Zin.
  4394 | D:7      | Found a basalt altar of Yredelemnul.
  4395 | D:7      | Found a hide-covered altar of Uskayaw.
  4412 | D:7      | Reached XP level 8. HP: 26/69 MP: 7/7
  4649 | D:6      | Noticed a kobold demonologist
  4722 | D:7      | Killed a kobold demonologist
  4723 | D:7      | Reached skill level 8 in Long Blades
  5015 | D:6      | Reached skill level 9 in Long Blades
  5056 | D:5      | Found a transporter.
  5056 | D:5      | Noticed Quickbrownfox's ghost (amateur DsIE)
  5058 | D:5      | Found a transporter.
  5173 | D:5      | Found a staircase to the Ecumenical Temple.
  5219 | Temple   | Entered the Ecumenical Temple
  5259 | Temple   | Became a worshipper of Warmaster Okawaru
  5378 | D:5      | Found Effoh's Assorted Antiques.
  5826 | D:6      | Reached XP level 9. HP: 77/77 MP: 8/8
  6281 | D:6      | Reached skill level 10 in Long Blades
  7685 | D:8      | Reached * piety under Okawaru
  7796 | D:8      | Found a shimmering blue altar of Sif Muna.
  7850 | D:8      | Reached skill level 11 in Long Blades
  8248 | D:8      | Reached XP level 10. HP: 87/88 MP: 9/9
  8272 | D:8      | Reached ** piety under Okawaru
  8440 | D:8      | Found an ancient bone altar of Kikubaaqudgha.
  8441 | D:8      | Got the Volume of the Silversmith
  8704 | D:8      | Reached skill level 10 in Armour
  9156 | D:9      | Noticed a cyclops
  9165 | D:9      | Killed a cyclops
  9166 | D:9      | Reached skill level 12 in Long Blades
  9466 | D:9      | Reached *** piety under Okawaru
 10100 | D:10     | Entered Level 10 of the Dungeon
 10368 | D:10     | Found a staircase to the Lair.
 10460 | D:10     | Noticed a two-headed ogre
 10466 | D:10     | Killed a two-headed ogre
 10466 | D:10     | Reached **** piety under Okawaru
 10467 | D:10     | Reached XP level 11. HP: 74/97 MP: 7/10
 10743 | D:10     | Reached skill level 13 in Long Blades
 10797 | D:10     | Found a staircase to the Orcish Mines.
 10846 | D:10     | Reached ***** piety under Okawaru
 10960 | D:10     | Noticed a sixfirhy
 11214 | D:10     | Reached skill level 1 in Invocations
 11393 | D:11     | Noticed a centaur warrior
 11402 | D:11     | Noticed Grum
 11407 | D:10     | HP: 2/99 [something (5)]
 11410 | D:10     | Slain by a wolf

Illustrated notes

Levels and vault maps discovered:
D:1:      elethiomel_arrival_maze, layout_basic,
          hellmonk_ecumenical_altar_pennies_from_heaven
D:2:      layout_loops_ring, hangedman_abyss_or_decor_stabs
D:3:      layout_basic, minmay_door_square, uniq_jessica
D:4:      layout_rooms, mainiacjoe_overflow_divided_tiny,
          cheibrodos_sewer_entry_sluice, minmay_misc_feat_x,
          minmay_goblin_kobold_house, uniq_ijyb
D:5:      layout_basic, minmay_temple_entry_wispy, gammafunk_ghost_smash,
          serial_shops, nicolae_shop_trees, nrook_uturn
D:6:      layout_basic, lemuel_flame_loot_1, uniq_grinder
D:7:      layout_basic, grunt_temple_overflow_open, minmay_misc_feat_tiny,
          uniq_harold
D:8:      layout_layer_cave, nicolae_kikubaaqudgha_miasma_corner,
          kennysheep_little_box
D:9:      layout_loops_corners, minmay_misc_feat_iff
D:10:     layout_roguey, due_lair_maze_entry_diamond,
          minmay_orc_entry_guard_dogs
D:11:     layout_gridville, minmay_shattered_shrine, uniq_grum
Temple:   nicolae_temple_hex_pool

Skill      XL: |  1  2  3  4  5  6  7  8  9 10 11 |
---------------+----------------------------------+-----
Long Blades    | 3 4 5 6 7 9 11 12 13 | 13.5
Armour         | 4 5 6 8 9 12 | 12.3
Fighting       | 4 5 6 7 9 |  9.9
Shields        | 4 5 6 7 |  7.6
Dodging        | 1 2 |  2.1
Stealth        | 1 2 |  2.0
Invocations    | 1 |  1.0

Action                   |  1- 3 |  4- 6 |  7- 9 | 10-12 || total
-------------------------+-------+-------+-------+-------++-------
Melee: Long sword        |    83 |   124 |   249 |   247 ||   703
       Headbutt          |    10 |    27 |    54 |    48 ||   139
Invok: Heroism           |       |       |     1 |     4 ||     5
  Use: Scroll            |       |     2 |     8 |       ||    10
       Potion            |       |       |     2 |     1 ||     3
 Stab: Distracted        |       |     1 |       |       ||     1
Armor: Scale mail        |    68 |       |       |       ||    68
       Plate armour      |       |    89 |   140 |   173 ||   402
Dodge: Dodged            |    59 |    35 |    70 |    76 ||   240
Block: Buckler           |    27 |    33 |    42 |   132 ||   234
       Reflection        |       |       |       |     3 ||     3
